 Dungeon Crawl Stone Soup version 0.30-a0-586-g23e55c9e0a (webtiles) character file.

Game seed: 5532587472075858849

74 M4edhros the Charlatan (level 4, -1/29 HPs)
             Began as an Octopode Artificer on Jan 3, 2023.
             Slain by an ufetubus (4 damage)
             ... on level 4 of the Dungeon.
             The game lasted 00:02:03 (560 turns).

M4edhros the Charlatan (Octopode Artificer)          Turns: 560, Time: 00:02:03

Health: -1/29      AC:  1    Str: 11    XL:     4   Next: 30%
Magic:  4/4        EV: 13    Int: 13    God:
Gold:   61         SH:  0    Dex: 14    Spells: 3/3 levels left

rFire   . . .      SeeInvis .      - Unarmed
rCold   . . .      Faith    .    (no shield)
rNeg    . . .      Spirit   .    (helmet restricted)
rPois   .          Reflect  .    (no amulet)
rElec   .          Harm     .    (no ring)
rCorr   .          Rampage  .    (no ring)
Will    .....                    (no ring)
Stlth   +++                      (no ring)
HPRegen 0.24/turn                (no ring)
MPRegen 0.09/turn                (no ring)
                                 (no ring)
                                 (no ring)

@: no status effects
A: almost no armour, amphibious, 8 rings, camouflage 1, gelatinous body 1,
(nimble swimmer 1), tentacles
a: no special abilities


You were on level 4 of the Dungeon.
You visited 1 branch of the dungeon, and saw 4 of its levels.

You collected 61 gold pieces.

Inventory:

Wands
 b - a wand of flame (13) (quivered)
 c - a wand of charming (10)
 d - a wand of iceblast (5)


   Skills:
 + Level 1.7 Fighting
 + Level 2.7 Dodging
 + Level 2.6 Stealth
 * Level 2.1 Unarmed Combat
 + Level 3.7 Evocations


You had 3 spell levels left.
You didn't know any spells.
Your spell library contained the following spells:

 Spells                   Type           Power      Damage    Failure   Level
 Apportation              Tloc           0%         N/A       30%         1
 Necrotise                Necr           0%         1d4       30%         1
 Summon Small Mammal      Summ           0%         N/A       30%         1


Dungeon Overview and Level Annotations

Branches:
Dungeon (4/15)
 Temple: D:4-7

Altars:


Innate Abilities, Weirdness & Mutations

You cannot wear most types of armour.
You are amphibious.
You can wear up to eight rings at the same time.
Your skin changes colour to match your surroundings (Stealth+).
Your rubbery body absorbs attacks. (AC +1, EV +1)
((You are camouflaged when in or above water. (Stealth+)))
You have tentacles for arms and can constrict up to eight enemies at once.


Message History

There is a stone staircase leading up here.
There are monsters nearby!
The helpless hobgoblin fails to defend itself.
You tentacle-slap the hobgoblin. You grab the hobgoblin.
You squeeze the hobgoblin.
You kill the hobgoblin!
The helpless quokka fails to defend itself.
You tentacle-slap the quokka. Your grab misses the quokka.
The quokka is heavily wounded.
The hobgoblin shouts!
You hear a shout!
The quokka barely misses you.
An ufetubus comes into view.
The goblin shouts!
You tentacle-slap the quokka. You grab the quokka.
Your squeeze misses the quokka.
The quokka is almost dead.
You constrict the quokka, but do no damage.
The quokka bites you.
You tentacle-slap the quokka.
You kill the quokka!
The hobgoblin hits you. The goblin barely misses you.
The ufetubus attacks as you move away! The ufetubus hits you.
The ufetubus barely misses you. The ufetubus completely misses you.
The ufetubus misses you.
There is a stone staircase leading up here.
Aiming: Charm
Press: ? - help, Shift-Dir - straight line, f - ufetubus
Aim: an ufetubus (chance to affect: 67%)
The ufetubus struggles to resist.
The hobgoblin barely misses you. The goblin hits you with a +0 club.
* * * LOW HITPOINT WARNING * * *
The ufetubus hits you.
* * * LOW HITPOINT WARNING * * *
The ufetubus hits you but does no damage.
Aiming: Charm
Press: ? - help, Shift-Dir - straight line, f - ufetubus
Aim: an ufetubus (chance to affect: 67%)
The ufetubus struggles to resist.
The ufetubus barely misses you. The ufetubus hits you.
You die...

##......
###......#
##........#
##.........#
##..........###
##..............
#......gg.......
.......5@.......
......#####.....
...## ### .


You could see an ufetubus, a hobgoblin and a goblin.

Vanquished Creatures
  An adder (D:2)
  An ufetubus (D:3)
  2 ball pythons (D:1)
  4 bats
  3 endoplasms
  A giant cockroach (D:1)
  3 goblins
  2 hobgoblins
  4 kobolds
  2 quokkas
  A frilled lizard (D:2)
24 creatures vanquished.

Vanquished Creatures (collateral kills)
  An orc priest (D:3)
  3 orcs (D:3)
4 creatures vanquished.

Grand Total: 28 creatures vanquished

Notes
Turn   | Place    | Note
-------+----------+-------------------------------------------
     0 | D:1      | M4edhros the Octopode Artificer began the quest for the
                  | Orb.
     0 | D:1      | Reached XP level 1. HP: 13/13 MP: 1/1
   105 | D:1      | Reached XP level 2. HP: 13/18 MP: 2/2
   344 | D:1      | Reached skill level 1 in Unarmed Combat
   364 | D:2      | Reached XP level 3. HP: 5/23 MP: 3/3
   515 | D:3      | Reached XP level 4. HP: 11/29 MP: 4/4
   560 | D:4      | Slain by an ufetubus

Illustrated notes

Levels and vault maps discovered:
D:1:      eino_arrival_druids_welcome, layout_basic, st_stairs_11
D:2:      kennysheep_big_flooded_room, layout_basic, minmay_split_cup_small
D:3:      layout_basic, serial_glass, glass_columns_a, glass_columns_b,
          kennysheep_generic_room_12
D:4:      layout_layer_cave, temple_doors_e, minmay_joined_circles,
          uniq_blork_the_orc, uniq_edmund

Skill      XL: |  1  2  3 |
---------------+----------+-----
Unarmed Combat | 1 2 |  2.1
Stealth        | 2 |  2.6
Fighting       | |  1.7
Dodging        | |  2.7
Evocations     | |  3.7

Action                   |  1- 3 |  4- 6 || total
-------------------------+-------+-------++-------
Melee: Unarmed           |    53 |     4 ||    57
       Tentacles         |    12 |     1 ||    13
       Constrict         |    11 |     2 ||    13
       Punch             |     1 |       ||     1
Evoke: Wand              |     5 |     2 ||     7
  Use: Potion            |     2 |       ||     2
 Stab: Sleeping          |     8 |     2 ||    10
Armor: Skin              |     7 |     1 ||     8
Dodge: Dodged            |    34 |     7 ||    41

Table legend: (Time is in decaauts)
 A = Elapsed time spent in this place.
 B = Non-inter-level travel time spent in this place.
 C = Inter-level travel time spent in this place.
 D = Time resting spent in this place.
 E = Time spent auto-exploring this place.
 F = Levels seen in this place.
 G = Mean time per level.
                   A        B        C        D        E       F      G
               +--------+--------+--------+--------+--------+-----+--------+
         Total |    558 |    543 |     15 |      0 |    181 |   4 |  139.5 |
       Dungeon |    558 |    543 |     15 |      0 |    181 |   4 |  139.5 |
               +--------+--------+--------+--------+--------+-----+--------+

Top non-repeatable levels by time:
     D:1: 356 daAuts
     D:3: 134 daAuts
     D:2: 58 daAuts
     D:4: 8 daAuts
